 Dungeon Crawl Stone Soup version 0.16-a0-3807-g3748f16 (console) character file.

13374 Monkaria the Grappler (level 11, -34/100 HPs)
             Began as a Troll Monk on Jan 24, 2015.
             Was a High Priest of Makhleb.
             Annihilated by a very large slime creature (56 damage)
             ... on level 12 of the Dungeon on Jan 28, 2015.
             The game lasted 00:27:32 (11230 turns).

Monkaria the Grappler (Troll Monk)                 Turns: 11230, Time: 00:27:32

Health: -34/100    AC:  9    Str: 24 (26) XL:     11   Next: 74%
Magic:  22/22      EV: 11    Int:  5 (6)  God:    Makhleb [*****.]
Gold:   267        SH:  0    Dex: 12      Spells: 0 memorised, 10 levels left

rFire  + . .     SeeInvis .       - Unarmed
rCold  . . .     Clarity  .     s - +2 robe {rF+}
rNeg   . . .     SustAb   .     (shield restricted)
rPois  .         Gourm    +     (helmet restricted)
rElec  .         Spirit   .     Y - +1 cloak
rCorr  .         Warding  .     (gloves unavailable)
rMut   .         Stasis   .     (boots unavailable)
MR     .....                    (no amulet)
Stlth  +.........               V - +1 ring of evasion
                                K - +2 ring of slaying

@: not resistant to hostile enchantments, very unstealthy
A: unfitting armour, claws 3, deterioration 1, fast metabolism 3, gourmand,
mutation resistance 1, regeneration 2, shaggy fur 1, strong 1, tough skin 2
a: Minor Destruction, Lesser Servant of Makhleb, Major Destruction, Greater
Servant of Makhleb, Renounce Religion


You were on level 12 of the Dungeon.
You worshipped Makhleb.
Makhleb was extremely pleased with you.
You were very full.

You visited 2 branches of the dungeon, and saw 13 of its levels.
You also visited: Ossuary.

You collected 627 gold pieces.
You spent 360 gold pieces at shops.

Inventory:

Missiles
 o - 5 large rocks (quivered)
 q - 2 javelins
 r - 45 poisoned needles
 O - 3 tomahawks
Armour
 s - a +2 robe of fire resistance (worn)
 Y - a +1 cloak (worn)
Magical staves
 y - an uncursed staff of wizardry
Jewellery
 l - an uncursed ring of protection from fire
 K - a +2 ring of slaying (left claw)
 S - a +1 ring of slaying
 V - a +1 ring of evasion (right claw)
Magical devices
 w - a wand of draining (0)
 F - a wand of digging (9)
 I - a wand of disintegration (8)
 Q - a wand of fire (10)
 U - a wand of cold (8)
Scrolls
 f - 6 scrolls of enchant weapon
 g - 6 scrolls of remove curse
 j - a scroll of noise
 m - 5 scrolls of blinking
 B - 2 scrolls of magic mapping
 G - a scroll of fear
 J - a scroll of immolation
 L - a scroll of amnesia {unknown}
 N - a scroll of recharging {unknown}
 X - a scroll of fog {unknown}
Potions
 a - a potion of cure mutation
 e - a potion of cancellation
 h - 4 potions of might
 i - a potion of flight
 n - 5 potions of restore abilities
 p - a potion of invisibility
 t - a potion of agility
 v - 4 potions of brilliance
 x - a potion of lignification
 z - 5 potions of curing
 D - 2 potions of resistance
 H - a potion of beneficial mutation
 R - 2 potions of heal wounds
Books
 d - a book of Annihilations {highlevel, unknown}

   This book is beyond your current level of understanding.

   Spells                             Type                      Level
   a - Poison Arrow                   Conjuration/Poison           6
   b - Chain Lightning                Conjuration/Air              8
   c - Lehudib's Crystal Spear        Conjuration/Earth            8
   d - Glaciate                       Conjuration/Ice              9
   e - Fire Storm                     Conjuration/Fire             9
 u - a book of Fire

   Spells                             Type                      Level
   a - Ignite Poison                  Fire/Transmutation           5
   b - Fireball                       Conjuration/Fire             5
   c - Bolt of Fire                   Conjuration/Fire             6
   d - Delayed Fireball               Conjuration/Fire             7
   e - Ring of Flames                 Charms/Fire                  7
 C - a book of Frost

   Spells                             Type                      Level
   a - Freeze                         Ice                          1
   b - Throw Frost                    Conjuration/Ice              2
   c - Ozocubu's Armour               Charms/Ice                   3
   d - Throw Icicle                   Conjuration/Ice              4
   e - Summon Ice Beast               Ice/Summoning                4
   f - Condensation Shield            Ice                          4
Comestibles
 b - 9 meat rations
 c - 12 bread rations
 k - 8 beef jerkies
 A - a royal jelly
 E - 2 slices of pizza
 M - 3 fruits


   Skills:
 - Level 4.1 Fighting
 - Level 6.1 Throwing
 - Level 2.4 Dodging
 - Level 1.1 Stealth
 + Level 12.8 Unarmed Combat
 - Level 11.0 Invocations


You had 10 spell levels left.
You didn't know any spells.

Dungeon Overview and Level Annotations

Branches:
Dungeon (12/15)            Temple (1/1) D:6            Lair (0/8) D:8
    Orc (0/4) D:11

Altars:
Ashenzari
Cheibriados
Dithmenos
Elyvilon
Fedhas
Gozag
Kikubaaqudgha
Makhleb
Nemelex Xobeh
Okawaru
Qazlal
Ru
Sif Muna
Trog
Vehumet
Xom
Yredelemnul
Zin
The Shining One

Shops:
D:5 *   D:7 %   D:12 *


Innate Abilities, Weirdness & Mutations

You are too large for most types of armour.
You have claws for hands.
Your metabolism is lightning-fast.
You like to eat raw meat.
You heal very quickly.
You are covered in fur (AC +1).
You have very tough skin (AC +2).
Your body is slowly deteriorating.
You are somewhat resistant to further mutation.
Your muscles are strong. (Str +2)


Message History

You scratch the large slime creature.
The large slime creature is severely wounded.
Two slime creatures merge to form a very large slime creature.
You mangle the very large slime creature!!
The very large slime creature is heavily wounded.
The very large slime creature hits you!
You mangle the very large slime creature!!
The very large slime creature is severely wounded.
The very large slime creature hits you!
You scratch the very large slime creature.
The very large slime creature is severely wounded.
You mangle the very large slime creature!!
The very large slime creature is severely wounded.
The very large slime creature hits you!!
* * * LOW HITPOINT WARNING * * *
You claw the very large slime creature!
The very large slime creature is almost dead.
The very large slime creature hits you!!!
Ouch! That really hurt!
You die...

#..........# ###.#
#..........# #######)#
#..........####........
#..........#.)'........
#............##........
#..........####........
######.##### #........
#.# ##+###### #@#
#....### #J# ####....
####.##### ####.
#........# ######.
#........#### #......
#...........###......
#........##..##.....?
#........###.##......
#......>.# #.........


You could see a very large slime creature.

Vanquished Creatures
  Erolcha (D:12)
  Pikel (Temple)
  2 hill giants
  An ugly thing (D:11)
  A manticore (D:12)
  A cyclops (D:11)
  A gargoyle (D:12)
  Psyche (D:9)
  2 trolls (D:9)
  A two-headed ogre (D:9)
  A spriggan (D:7)
  A shadow (D:12)
  3 wraiths
  10 yaks
  A water moccasin (D:10)
  3 hippogriffs
  A soldier ant (D:12)
  4 orc warriors
  2 sky beasts
  3 ice beasts
  An eye of draining (D:11)
  6 ogres
  3 centaurs
  A necrophage (D:10)
  A phantom (D:9)
  A big kobold (D:7)
  2 elf zombies (Ossuary)
  2 gnoll sergeants
  6 giant frogs
  4 scorpions
  An electric eel (D:6)
  8 crimson imps
  3 goliath beetles
  2 quasits
  3 centaur zombies
  2 human zombies (Ossuary)
  A centaur skeleton (D:5)
  3 giant frog zombies
  9 orc priests
  5 iguanas
  4 jellies
  4 worker ants
  11 orc wizards
  2 hounds
  3 big kobold zombies (Ossuary)
  A hound zombie (D:7)
  3 mummies (Ossuary)
  17 gnolls
  12 adders
  3 white imps (D:8)
  2 worms (D:2)
  4 giant mites
  3 adder skeletons
  2 adder zombies (Ossuary)
  42 orcs
  19 bats
  A bat skeleton (D:7)
  5 giant cockroaches
  A gnoll zombie (Ossuary)
  12 goblins
  10 hobgoblins
  9 jackals
  5 quokkas
  5 giant geckos
  8 giant newts
  2 giant spores
  4 goblin zombies (Ossuary)
  A hobgoblin zombie (D:8)
  A jackal skeleton (D:4)
  7 jackal zombies (Ossuary)
  20 kobolds
  5 kobold zombies (Ossuary)
  2 orc zombies (Ossuary)
  A quokka skeleton (D:5)
  3 quokka zombies (Ossuary)
  19 rats
  10 ballistomycetes
368 creatures vanquished.

Vanquished Creatures (collateral kills)
  A hydra (D:11)
  A fire crab (shapeshifter) (D:11)
2 creatures vanquished.

Vanquished Creatures (others)
  A hobgoblin (D:6)
  A quokka (D:6)
  2 giant spores
4 creatures vanquished.

Grand Total: 374 creatures vanquished

Notes
Turn   | Place    | Note
--------------------------------------------------------------
     0 | D:1      | Monkaria, the Troll Monk, began the quest for the Orb.
     0 | D:1      | Reached XP level 1. HP: 22/22 MP: 1/1
     0 | D:1      | Upgraded the game from 0.16-a0-3761-g2321f2b to 0.16-a0-3781-g2316936
     0 | D:1      | Upgraded the game from 0.16-a0-3781-g2316936 to 0.16-a0-3807-g3748f16
   259 | D:1      | Reached XP level 2. HP: 29/29 MP: 1/1
   607 | D:2      | Reached XP level 3. HP: 35/37 MP: 2/2
   957 | D:2      | Reached XP level 4. HP: 16/48 MP: 2/2
  1632 | D:3      | Noticed an ogre
  1858 | D:3      | Killed an ogre
  1858 | D:3      | Reached skill level 5 in Unarmed Combat
  1858 | D:3      | Reached XP level 5. HP: 30/54 MP: 2/2
  2398 | D:3      | Reached skill level 6 in Unarmed Combat
  2420 | D:3      | Found a shattered altar of Ashenzari.
  2423 | D:3      | Found a glowing golden altar of the Shining One.
  2428 | D:3      | Found a sacrificial altar of Ru.
  2542 | D:3      | Reached XP level 6. HP: 60/62 MP: 3/3
  3309 | D:4      | Noticed an ogre
  3329 | D:4      | Killed an ogre
  3329 | D:4      | Reached skill level 7 in Unarmed Combat
  3460 | D:5      | Entered Level 5 of the Dungeon
  3476 | D:5      | Found a shadowy altar of Dithmenos.
  3602 | D:5      | Reached XP level 7. HP: 25/70 MP: 3/3
  4064 | D:5      | Reached skill level 8 in Unarmed Combat
  4155 | D:5      | Found Grot's General Store.
  4180 | D:5      | Bought a scroll of identify for 20 gold pieces
  4180 | D:5      | Bought a potion of lignification for 30 gold pieces
  4180 | D:5      | Bought a potion of curing for 30 gold pieces
  4180 | D:5      | Bought a scroll of identify for 20 gold pieces
  4180 | D:5      | Bought a scroll of remove curse for 30 gold pieces
  4180 | D:5      | Bought a royal jelly for 20 gold pieces
  4183 | D:5      | Gained mutation: You are somewhat resistant to further mutation. [potion of mutation]
  4183 | D:5      | Gained mutation: Your muscles are strong. (Str +2) [potion of mutation]
  4183 | D:5      | Gained mutation: Your body is slowly deteriorating. [potion of mutation]
  4403 | D:5      | Reached skill level 9 in Unarmed Combat
  4964 | D:6      | Found a shattered altar of Ashenzari.
  5007 | D:6      | Reached XP level 8. HP: 78/78 MP: 3/3
  5116 | D:6      | Found a staircase to the Ecumenical Temple.
  5170 | Temple   | Entered the Ecumenical Temple
  5352 | Temple   | Became a worshipper of Makhleb the Destroyer
  5352 | Temple   | Acquired Makhleb's first power
  5352 | Temple   | Acquired Makhleb's second power
  5377 | D:6      | Noticed Pikel
  5401 | Temple   | Killed Pikel
  5401 | Temple   | Reached skill level 10 in Unarmed Combat
  5510 | D:6      | Found a bloodstained altar of Trog.
  5605 | D:6      | Reached skill level 11 in Unarmed Combat
  5673 | D:6      | Found a sparkling altar of Nemelex Xobeh.
  5673 | D:6      | Found a basalt altar of Yredelemnul.
  5936 | D:7      | Reached skill level 1 in Invocations
  5961 | D:7      | Found Kiomit's Food Shop.
  6020 | D:7      | Reached XP level 9. HP: 82/84 MP: 5/7
  6248 | D:7      | Acquired Makhleb's third power
  6579 | D:8      | Reached skill level 5 in Invocations
  6685 | D:8      | Found a sand-covered staircase.
  6696 | Ossuary  | Entered an ossuary
  6774 | Ossuary  | Acquired Makhleb's fourth power
  7359 | D:8      | Found a staircase to the Lair.
  7890 | D:9      | Acquired Makhleb's fifth power
  7971 | D:9      | Reached XP level 10. HP: 92/92 MP: 18/18
  8723 | D:10     | Entered Level 10 of the Dungeon
  8745 | D:10     | Noticed Psyche
  8790 | D:9      | Killed Psyche
  8996 | D:10     | Reached skill level 10 in Invocations
  9029 | D:10     | Noticed a hill giant
  9209 | D:10     | Killed a hill giant
  9805 | D:11     | Reached XP level 11. HP: 66/100 MP: 22/22
  9986 | D:11     | Noticed a cyclops
 10003 | D:11     | Killed a cyclops
 10003 | D:11     | Reached skill level 12 in Unarmed Combat
 10062 | D:11     | Noticed a purple ugly thing
 10069 | D:11     | Killed a purple ugly thing
 10138 | D:11     | Noticed a six-headed hydra
 10144 | D:11     | Killed a six-headed hydra
 10144 | D:11     | Reached skill level 1 in Throwing
 10195 | D:11     | Found a staircase to the Orcish Mines.
 10225 | D:11     | Noticed a fire crab
 10232 | D:11     | Killed a fire crab
 10489 | D:12     | Noticed Erolcha
 10494 | D:12     | Killed Erolcha
 10588 | D:12     | Reached skill level 5 in Throwing
 10700 | D:12     | Noticed a hill giant
 10713 | D:12     | Killed a hill giant
 10858 | D:12     | Found an ancient bone altar of Kikubaaqudgha.
 10904 | D:12     | Found Cuinouk's Assorted Antiques.
 10908 | D:12     | Bought a scroll labeled SIDYNGOUMU for 28 gold pieces
 10908 | D:12     | Bought an embroidered cloak for 126 gold pieces
 10908 | D:12     | Bought a scroll of identify for 56 gold pieces
 11230 | D:12     | Annihilated by a very large slime creature

Action                   |  1- 3 |  4- 6 |  7- 9 | 10-12 || total
-------------------------+-------+-------+-------+-------++-------
Melee: Unarmed           |    99 |   193 |   426 |   341 ||  1059
Throw: Javelin           |       |       |       |     4 ||     4
       Tomahawk          |       |       |       |     2 ||     2
       Large rock        |       |       |       |     3 ||     3
Invok: Greater Servant o |       |       |       |     1 ||     1
Evoke: Wand              |       |       |       |     2 ||     2
  Use: Scroll            |       |     7 |    16 |     5 ||    28
       Potion            |       |     1 |     1 |     3 ||     5
 Stab: Sleeping          |       |     2 |       |       ||     2
       Invisible         |       |       |       |     1 ||     1
  Eat: Chunk             |     7 |    26 |    45 |    30 ||   108
